[ AOE2 MATCH · #493721087 ]
UnrankedVietnamese vs Mongols
Player's team · LOSS
Rival team · WIN
[ REPLAY ANALYSIS · EXTRACTED FROM THE RECORDED GAME ]
Feudal
9:54
Castle
—
Imperial
—
| APM avg | 55.7 |
| APM peak | 179 |
| eAPM avg | 17.8 |
| Villagers / military | 35 / 4 |
Focus
⚔️ 24.6% · 🌾 75.4%
Spearman ×4
Feudal
8:54
Castle
—
Imperial
—
| APM avg | 73.0 |
| APM peak | 133 |
| eAPM avg | 18.8 |
| Villagers / military | 52 / 12 |
Focus
⚔️ 38.1% · 🌾 61.9%
Skirmisher ×6 · Scout Cavalry ×5 · Spearman ×1
Match map
Initial resources + every placement click. Lines = walls · curves = elevation contours. ◆ gold · ⬟ stone · ● berries · ✦ relic · ◌ wall gap
Your base· Open — 1t gap
murtaZaaa's base· Open — 3t gap
Smoothed initial terrain · ◌ = detected wall gap · hover for details
Inputs per minute
— flxpa21 - - murtaZaaa
Build order — flxpa21
92 actions detected in the replay
| 0:01 | Create | Villager (Male) ×4 |
| 0:02 | Build | House |
| 0:04 | Build | House |
| 0:06 | Build | House |
| 1:32 | Create | Villager (Male) |
| 1:44 | Build | Lumber Camp |
| 2:08 | Create | Villager (Male) |
| 2:20 | Create | Villager (Male) |
| 2:42 | Create | Villager (Male) |
| 3:09 | Create | Villager (Male) |
| 3:25 | Build | House |
| 3:37 | Create | Villager (Male) |
| 3:59 | Create | Villager (Male) |
| 4:49 | Create | Villager (Male) |
| 4:50 | Create | Villager (Male) |
| 5:06 | Create | Villager (Male) |
| 5:07 | Create | Villager (Male) |
| 5:08 | Build | Mill |
| 5:50 | Create | Villager (Male) |
| 5:51 | Create | Villager (Male) |
| 5:58 | Build | Mill |
| 6:13 | Build | House |
| 6:58 | Research | Loom |
| 7:43 | Research | Feudal Age |
| 8:28 | Build | Barracks |
| 8:34 | Build | Barracks |
| 8:36 | Build | Palisade Wall |
| 8:45 | Create | Villager (Male) |
| 8:47 | Build | House |
| 9:01 | Create | Villager (Male) |
| 9:15 | Build | House |
| 9:32 | Build | Palisade Wall |
| 9:41 | Build | Palisade Wall |
| 9:47 | Create | Villager (Male) |
| 9:54 | Age | Feudal Age |
| 10:02 | Build | Archery Range |
| 10:08 | Create | Spearman |
| 10:11 | Create | Villager (Male) |
| 10:32 | Build | Palisade Wall |
| 10:36 | Create | Spearman |
| 11:05 | Build | Lumber Camp |
| 11:08 | Research | Double-Bit Axe |
| 11:10 | Create | Villager (Male) |
| 11:18 | Build | Farm |
| 11:20 | Build | Farm |
| 11:27 | Create | Villager (Male) |
| 11:34 | Build | Palisade Wall |
| 11:41 | Create | Spearman |
| 11:42 | Create | Villager (Male) |
| 12:06 | Build | Palisade Wall |
| 12:07 | Build | Palisade Wall |
| 12:13 | Create | Villager (Male) |
| 12:24 | Create | Villager (Male) |
| 12:28 | Build | Farm |
| 12:30 | Build | Farm |
| 12:45 | Create | Villager (Male) |
| 12:47 | Build | Farm |
| 12:55 | Create | Villager (Male) |
| 12:57 | Create | Villager (Male) |
| 13:00 | Build | Farm |
| 13:02 | Build | Farm |
| 13:03 | Build | Farm |
| 13:16 | Create | Villager (Male) |
| 13:19 | Build | House |
| 13:20 | Build | Palisade Wall |
| 13:30 | Build | Palisade Wall |
| 13:38 | Create | Villager (Male) |
| 13:56 | Create | Villager (Male) |
| 14:08 | Build | Mining Camp |
| 14:20 | Build | House |
| 14:22 | Build | House |
| 14:24 | Build | Palisade Wall |
| 14:27 | Build | Palisade Wall |
| 14:33 | Build | House |
| 15:03 | Build | Palisade Wall |
| 15:06 | Build | Farm |
| 15:14 | Build | Palisade Wall |
| 15:24 | Build | Farm |
| 15:26 | Create | Villager (Male) |
| 15:34 | Create | Spearman |
| 15:36 | Build | House |
| 15:39 | Build | House |
| 15:55 | Build | Farm |
| 16:03 | Create | Villager (Male) |
| 16:54 | Build | Blacksmith |
| 16:59 | Build | Farm |
| 17:01 | Build | Farm |
| 17:01 | Create | Villager (Male) |
| 17:35 | Build | Farm |
| 17:56 | Build | Archery Range |
| 18:10 | Research | Castle Age |
| 18:21 | Build | Palisade Wall |
Build order — murtaZaaa
106 actions detected in the replay
| 0:00 | Create | Villager (Male) ×4 |
| 0:01 | Build | House |
| 0:02 | Build | House |
| 1:27 | Create | Villager (Male) |
| 1:27 | Create | Villager (Male) |
| 1:44 | Build | Lumber Camp |
| 2:07 | Create | Villager (Male) |
| 2:07 | Create | Villager (Male) |
| 2:10 | Create | Villager (Male) |
| 2:42 | Create | Villager (Male) |
| 3:09 | Create | Villager (Male) |
| 3:46 | Create | Villager (Male) |
| 3:47 | Create | Villager (Male) |
| 3:47 | Create | Villager (Male) |
| 3:48 | Build | House |
| 4:04 | Create | Villager (Male) |
| 4:05 | Create | Villager (Male) |
| 4:25 | Create | Villager (Male) ×2 |
| 4:25 | Create | Villager (Male) ×2 |
| 4:32 | Create | Villager (Male) |
| 5:04 | Build | Mill |
| 5:49 | Create | Villager (Male) ×5 |
| 6:44 | Research | Feudal Age |
| 6:44 | Research | Feudal Age |
| 7:29 | Build | Barracks |
| 8:13 | Build | House |
| 8:38 | Create | Villager (Male) |
| 8:54 | Age | Feudal Age |
| 8:57 | Research | Loom |
| 8:57 | Research | Loom |
| 9:00 | Build | Stable |
| 9:05 | Research | Double-Bit Axe |
| 9:05 | Research | Double-Bit Axe |
| 9:08 | Create | Villager (Male) |
| 9:32 | Build | Farm |
| 9:49 | Build | Mill |
| 9:54 | Create | Scout Cavalry |
| 9:54 | Create | Scout Cavalry |
| 9:55 | Create | Villager (Male) |
| 9:56 | Create | Spearman |
| 10:11 | Create | Villager (Male) |
| 10:20 | Create | Villager (Male) |
| 10:28 | Build | House |
| 10:43 | Create | Scout Cavalry |
| 10:54 | Build | Archery Range |
| 10:58 | Build | House |
| 11:11 | Create | Villager (Male) |
| 11:16 | Build | Archery Range |
| 11:28 | Create | Villager (Male) |
| 11:30 | Build | Farm |
| 11:49 | Create | Villager (Male) |
| 11:59 | Create | Villager (Male) |
| 12:04 | Create | Villager (Male) |
| 12:10 | Create | Scout Cavalry |
| 12:13 | Build | Farm |
| 12:14 | Build | Farm |
| 12:22 | Build | Farm |
| 12:30 | Create | Skirmisher ×2 |
| 12:41 | Create | Villager (Male) |
| 12:48 | Build | House |
| 12:52 | Build | House |
| 12:58 | Create | Villager (Male) |
| 13:04 | Build | House |
| 13:11 | Build | Farm |
| 13:24 | Build | Lumber Camp |
| 13:31 | Create | Villager (Male) |
| 13:37 | Create | Skirmisher |
| 13:44 | Create | Villager (Male) |
| 13:51 | Create | Villager (Male) |
| 13:54 | Build | House |
| 13:57 | Build | Palisade Wall |
| 14:00 | Create | Villager (Male) |
| 14:03 | Build | House |
| 14:03 | Build | Palisade Wall |
| 14:18 | Create | Villager (Male) |
| 14:23 | Build | Farm |
| 14:24 | Create | Skirmisher |
| 14:24 | Create | Skirmisher |
| 14:41 | Create | Villager (Male) |
| 14:53 | Create | Villager (Male) |
| 14:56 | Build | Farm |
| 14:57 | Build | Farm |
| 14:58 | Build | Farm |
| 15:02 | Create | Skirmisher |
| 15:08 | Create | Scout Cavalry |
| 15:20 | Create | Villager (Male) |
| 15:31 | Create | Villager (Male) |
| 15:33 | Build | House |
| 15:36 | Build | Farm |
| 15:39 | Create | Villager (Male) |
| 15:56 | Create | Villager (Male) |
| 16:11 | Build | Mining Camp |
| 16:27 | Create | Villager (Male) |
| 16:32 | Build | Blacksmith |
| 16:34 | Build | Farm |
| 16:35 | Build | Farm |
| 16:45 | Build | Palisade Wall |
| 16:53 | Build | Palisade Wall |
| 16:54 | Build | House |
| 16:55 | Build | House |
| 17:10 | Build | Farm |
| 17:18 | Build | Farm |
| 17:31 | Create | Villager (Male) |
| 17:40 | Build | Farm |
| 18:07 | Create | Villager (Male) |
| 18:31 | Research | Castle Age |
Match timeline
| 7:29 | murtaZaaa · first_building Barracks |
| 8:28 | flxpa21 · first_building Barracks |
| 8:36 | flxpa21 · wall_segment Palisade Wall x1 |
| 8:54 | murtaZaaa · age_up feudal |
| 9:00 | murtaZaaa · first_building Stable |
| 9:32 | flxpa21 · wall_segment Palisade Wall x1 |
| 9:41 | flxpa21 · wall_segment Palisade Wall x8 |
| 9:54 | flxpa21 · age_up feudal |
| 10:02 | flxpa21 · first_building Archery Range |
| 10:32 | flxpa21 · wall_segment Palisade Wall x5 |
| 10:54 | murtaZaaa · first_building Archery Range |
| 11:34 | flxpa21 · wall_segment Palisade Wall x12 |
| 12:06 | flxpa21 · wall_segment Palisade Wall x1 |
| 12:07 | flxpa21 · wall_segment Palisade Wall x1 |
| 13:20 | flxpa21 · wall_segment Palisade Wall x1 |
| 13:30 | flxpa21 · wall_segment Palisade Wall x10 |
| 13:57 | murtaZaaa · wall_segment Palisade Wall x8 |
| 14:03 | murtaZaaa · wall_segment Palisade Wall x1 |
| 14:24 | flxpa21 · wall_segment Palisade Wall x1 |
| 14:27 | flxpa21 · wall_segment Palisade Wall x1 |
| 15:03 | flxpa21 · wall_segment Palisade Wall x1 |
| 15:14 | flxpa21 · wall_segment Palisade Wall x1 |
| 16:45 | murtaZaaa · wall_segment Palisade Wall x5 |
| 16:53 | murtaZaaa · wall_segment Palisade Wall x12 |
| 18:21 | flxpa21 · wall_segment Palisade Wall x1 |
| 19:36 | flxpa21 · resign |
[ AI ANALYSIS · 1 CREDIT ]
What really happened in this match?
Wolo.gg analyzes every decision: build order, eco, micro, common mistakes by bracket. Personalized analysis on WhatsApp or Discord in 30 seconds.
Civ guide
Vietnamese
Perfil
Jugador #23543003